 Dungeon Crawl Stone Soup version 0.21.1-1-g345015f (webtiles) character file.

103 letownia2 the Conjurer (level 4, -5/25 HPs)
             Began as a Tengu Wizard on Mar 2, 2018.
             Slain by aspa's ghost (8 damage)
             ... on level 3 of the Dungeon.
             The game lasted 00:04:52 (764 turns).

letownia2 the Conjurer (Tengu Wizard)                Turns: 764, Time: 00:04:52

Health: -5/25      AC:  2    Str:  7    XL:     4   Next: 79%
Magic:  2/9        EV: 12    Int: 19    God:
Gold:   54         SH:  0    Dex: 13    Spells: 0/9 levels left

rFire    . . .     SeeInvis .   j - -2 spear (curse)
rCold    . . .     Gourm    .   (no shield)
rNeg     . . .     Faith    .   a - +0 robe
rPois    .         Spirit   .   b - +0 hat
rElec    .         Reflect  .   (no cloak)
rCorr    .         Harm     .   (no gloves)
MR       .....                  (boots unavailable)
Stlth    ++........             (no amulet)
HPRegen  0.08/turn              (no ring)
MPRegen  0.11/turn              (no ring)

@: no status effects
A: beak, talons 3
a: no special abilities


You were on level 3 of the Dungeon.
You were not hungry.

You visited 1 branch of the dungeon, and saw 4 of its levels.

You collected 54 gold pieces.

Inventory:

Hand Weapons
 g - a +0 whip
 j - a cursed -2 spear (weapon)
 l - a +4 spear
Armour
 a - a +0 robe (worn)
 b - a +0 hat (worn)
Wands
 k - a wand of enslavement (6)
Scrolls
 h - a scroll of enchant weapon {unknown}
 i - a scroll of remove curse {unknown}
Potions
 e - a potion of berserk rage {unknown}
 f - a potion of flight {unknown}
Books
 c - a book of Minor Magic

   Spells                             Type                      Level
   a - Magic Dart                     Conjuration                  1
   b - Blink                          Translocation                2
   c - Call Imp                       Summoning                    2
   d - Slow                           Hexes                        2
   e - Conjure Flame                  Conjuration/Fire             3
   f - Mephitic Cloud                 Conjuration/Poison/Air       3
Comestibles
 d - 3 rations


   Skills:
 + Level 1.2 Fighting
 - Level 2.1 Dodging
 - Level 2.0 Stealth
 - Level 3.0 Spellcasting
 + Level 5.0 Conjurations
 - Level 1.2 Summonings
   Level 0.7 Translocations
 + Level 1.9 Air Magic


You couldn't memorise any spells.
You knew the following spells:

 Your Spells              Type           Power        Failure   Level  Hunger
a - Magic Dart            Conj           ###.         1%          1    None
c - Conjure Flame         Conj/Fire      ##......     16%         3    ###....
e - Mephitic Cloud        Conj/Pois/Air  ##......     19%         3    ###....
i - Call Imp              Summ           #.......     14%         2    ##.....


Dungeon Overview and Level Annotations

Branches:
Dungeon (4/15)
 Temple: D:4-7

Altars:
Fedhas
Kikubaaqudgha
Trog

Annotations:
D:3 aspa's ghost, weakling OpWz


Innate Abilities, Weirdness & Mutations

You have a beak for a mouth.
You have claws for feet.


Message History

The bat misses you. The hobgoblin misses you. The leopard gecko bites you.
Unknown command.
The bat closely misses you. The leopard gecko bites you.
Unknown command.
Aspa's ghost (weakling Octopode Wizard) comes into view.
It is wielding a vorpal weapon.
Aspa's ghost turns its malevolent gaze towards you.
You hear a shout!
The bat completely misses you. The bat misses you. The bat closely misses you.
The leopard gecko misses you. The bat barely misses you.
Aspa's ghost stares at you and mumbles some strange words.
The magic dart hits you!
* * * LOW HITPOINT WARNING * * *
The bat closely misses you.
There is a stone staircase leading down here.
Unknown command.
The bat hits you but does no damage.
The worker ant waves its antennae.
Aspa's ghost hits you!
You die...

#. #. .. #. #.
#g## ##.W#
#..@######
#######..b##...
#..##.###a##.###
#..<.#...lg....#
#†.##.##...#.#.#
#.(#..#......#
#..#.#.......#.#
#..#......w>...#
#..#.#..........#


You could see a worm, a worker ant, aspa's ghost, a leopard gecko, a hobgoblin,
a goblin and a bat.

Vanquished Creatures
  A centaur skeleton (D:4)
  2 gnolls (D:4)
  3 adders
  An adder skeleton (D:4)
  6 orcs
  3 goblins (D:3)
  2 kobolds
  A quokka (D:3)
  2 bats (D:2)
  2 frilled lizards
  3 rats
26 creatures vanquished.

Vanquished Creatures (collateral kills)
  2 gnolls (D:4)
2 creatures vanquished.

Grand Total: 28 creatures vanquished

Notes
Turn   | Place    | Note
-------+----------+-------------------------------------------
     0 | D:1      | letownia2 the Tengu Wizard began the quest for the Orb.
     0 | D:1      | Reached XP level 1. HP: 10/10 MP: 5/5
     6 | D:1      | You fall through a shaft!
     6 | D:2      | Found a blossoming altar of Fedhas.
    47 | D:2      | Reached skill level 2 in Conjurations
   153 | D:4      | Reached skill level 3 in Conjurations
   153 | D:4      | Reached XP level 2. HP: 15/15 MP: 1/7
   164 | D:4      | Learned a level 2 spell: Call Imp
   354 | D:3      | Reached skill level 4 in Conjurations
   354 | D:3      | Reached XP level 3. HP: 19/19 MP: 2/8
   359 | D:3      | Learned a level 3 spell: Mephitic Cloud
   395 | D:3      | Found an ancient bone altar of Kikubaaqudgha.
   398 | D:3      | Found a blossoming altar of Fedhas.
   400 | D:3      | Found a bloodstained altar of Trog.
   511 | D:4      | Reached skill level 1 in Air Magic
   511 | D:4      | Reached XP level 4. HP: 1/24 MP: 0/9
   611 | D:4      | Reached skill level 1 in Fighting
   678 | D:4      | Learned a level 3 spell: Conjure Flame
   715 | D:4      | Reached skill level 5 in Conjurations
   760 | D:3      | Noticed aspa's ghost (weakling OpWz)
   764 | D:3      | Slain by aspa's ghost

Skill      XL: |  1  2  3  4 |
---------------+-------------+-----
Conjurations   | 3 4 5 |  5.0
Air Magic      | 1 |  1.9
Fighting       | 1 |  1.2
Dodging        | |  2.1
Stealth        | |  2.0
Spellcasting   | |  3.0
Summonings     | |  1.2
Translocations | |  0.7

Action                   |  1- 3 |  4- 6 || total
-------------------------+-------+-------++-------
Melee: Unarmed           |     2 |       ||     2
       Kick              |     1 |     1 ||     2
       Spear             |     1 |     3 ||     4
       Peck              |       |     1 ||     1
 Cast: Magic Dart        |    39 |    23 ||    62
Evoke: Wand              |       |     3 ||     3
Armor: Robe              |     1 |     2 ||     3
Dodge: Dodged            |     7 |    13 ||    20
